 Dungeon Crawl Stone Soup version 0.29-a0-337-g68df138881 (webtiles) character file.

Game seed: 11959960809924311493

996 d0nkey4 the Poker (level 7, -11/50 (54) HPs)
             Began as a Demonspawn Gladiator on Apr 16, 2022.
             Mangled by a wight
             ... wielding a +3 great sword of freezing
              (13 damage)
             ... on level 6 of the Dungeon.
             The game lasted 00:23:57 (5785 turns).

d0nkey4 the Poker (Demonspawn Gladiator)            Turns: 5785, Time: 00:23:57

HP:   -11/50 (54)   AC:  8    Str: 12    XL:     7   Next: 99%
MP:   7/7           EV: 10    Int: 14    God:
Gold: 379           SH:  0    Dex: 14    Spells: 6/6 levels left

rFire   + . .      SeeInvis .   n - +6 trident "Demonspawn's Curse" {drain, rElec rF+ Str-4}
rCold   . . .      Faith    .   (no shield)
rNeg    . . .      Spirit   .   v - +0 scale mail
rPois   +          Reflect  .   (helmet restricted)
rElec   +          Harm     .   (no cloak)
rCorr   +          Rampage  .   (no gloves)
Will    .....                   G - +0 pair of boots
Stlth   ..........              (no amulet)
HPRegen 0.16/turn               D - ring of poison resistance
MPRegen 0.10/turn               M - ring of resist corrosion

@: studying Dodging, drained
A: antennae 1, demonic guardian 1, powered by death 1, big brain 2
a: no special abilities


You were on level 6 of the Dungeon.
You visited 1 branch of the dungeon, and saw 7 of its levels.

You collected 379 gold pieces.

Inventory:

Hand Weapons
 a - a +0 trident
 n - the +6 trident "Demonspawn's Curse" (weapon) {drain, rElec rF+ Str-4}
   (You found it on level 2 of the Dungeon)

   A truly terrible weapon, it drains the life of any living foe it strikes.
   Str:       It affects your strength (-4).
   rF:        It protects you from fire.
   rElec:     It insulates you from electricity.
 t - a +1 mace of protection
 C - a +3 antimagic mace
 K - a +3 quarterstaff
Missiles
 d - 2 throwing nets (quivered)
 e - a javelin
 r - 2 silver javelins
Armour
 b - a +0 leather armour
 c - a +0 helmet
 v - a +0 scale mail (worn)
 G - a +0 pair of boots (worn)
Jewellery
 D - a ring of poison resistance (left hand)
 H - a ring of protection from fire
 M - a ring of resist corrosion (right hand)
Scrolls
 f - 11 scrolls of identify {unknown}
 g - 3 scrolls of teleportation {unknown}
 i - a scroll of vulnerability {unknown}
 l - 4 scrolls of silence {unknown}
 m - 2 scrolls of blinking {unknown}
 o - a scroll of enchant armour {unknown}
 s - a scroll of fog {unknown}
 x - a scroll of immolation {unknown}
 y - a scroll of noise {unknown}
 A - a scroll of fear {unknown}
 I - a scroll of magic mapping {unknown}
 J - a scroll of enchant weapon {unknown}
Potions
 h - 2 potions of mutation {unknown}
 j - a potion of lignification {unknown}
 k - 4 potions of curing {unknown}
 p - 4 potions of degeneration {unknown}
 q - a potion of haste {unknown}
 u - 2 potions of resistance {unknown}
 w - a potion of invisibility {unknown}
 z - 2 potions of magic
 B - 2 potions of flight {unknown}
 E - a potion of ambrosia {unknown}
 F - a potion of brilliance {unknown}
 L - a potion of experience {unknown}


   Skills:
 * Level 4.1 Fighting
 * Level 6.8 Polearms
 + Level 1.8 Throwing
 * Level 3.5 Armour
 + Level 3.8 Dodging
 - Level 0.3 Stealth


You had 6 spell levels left.
You didn't know any spells.
Your spell library contained the following spells:

 Spells                   Type           Power      Damage    Failure   Level
 Corpse Rot               Necr/Air       0%         N/A       91%         2
 Poisonous Vapours        Pois/Air       0%         N/A       91%         2
 Static Discharge         Conj/Air       0%         N/A       91%         2
 Dispel Undead            Necr           0%         3d6       100%        4
 Olgreb's Toxic Radiance  Pois           0%         N/A       100%        4
 Sticky Flame             Conj/Fire      0%         2d3       100%        4
 Ozocubu's Refrigeration  Ice            0%         4d5       100%        7
 Ignition                 Fire           0%         3d3       100%        8


Dungeon Overview and Level Annotations

Branches:
Dungeon (7/15)             Temple (0/1) D:4

Altars:

Shops:
D:1 (!=[(


Innate Abilities, Weirdness & Mutations

You have a pair of small antennae on your head.
A weak demonic guardian rushes to your aid.
You regenerate a little health from kills.
You have an extremely huge brain. (Int +4)


Message History

a +0 hand axe; a +0 chain mail
There is a stone staircase leading down here.
You climb downwards.
The water moccasin hisses angrily.
The hound barks!
The gnoll sergeant shouts!
The gnoll shouts! x3; You hear a croak.
You hear a shout!
Found a cyan potion.
There is a stone staircase leading up here.
The hound bites you but does no damage.
The water moccasin bites you but does no damage.
You climb upwards.
There is a stone staircase leading down here.
You puncture the hound! You drain the hound.
The hound is almost dead.
The hound barely misses you. The hound bites you but does no damage.
You barely miss the hound.
The hound is almost dead.
The hound misses you.
You hit the hound.
You kill the hound!
There is a stone staircase leading down here.
You climb downwards.
The wight hits you but does no damage.
Found 32 gold pieces, a ring mail and a wooden wand.
There is a stone staircase leading up here.
The wight closely misses you. x2
The wight hits you with a +3 great sword of freezing!!
The wight freezes you. The wight closely misses you.
You climb upwards.
There is a stone staircase leading down here.
You closely miss the wight.
The wight hits you with a +3 great sword of freezing!
You feel drained. The wight freezes you. The wight hits you but does no damage.
The wight attacks as you move away! The wight misses you.
The wight hits you but does no damage. The wight attacks as you move away!
The wight hits you with a +0 scimitar!
* * * LOW HITPOINT WARNING * * *
You feel drained.
* * * LOW HITPOINT WARNING * * *
It was a potion of magic.
Magic courses through your body.
The wight hits you with a +3 great sword of freezing!
You die...

#.#
###.#.##.###.##...
#.# #...#.##<#
#.##.## ..#
#.###....###.##.##
###
#.#######...###.##
##########
#.................
.........#
#.#######..####.##
########.# #.#
#..####.## #.# #.#
#......... #.# #@#
##......... #.#
####z######....###.##
#.# #...z.......#..#
#.# #.#
#.#............# #.#
#.# #.#.##.###..####
#.# ######.# #.#.##.#
#..# #.# #......#
#.#.##.# #..# #.#
###.######
#.#.##.###..#### #.#
....#
#.#.##.........# #.##


You could see 2 wights.

Vanquished Creatures
  The ghost of Thjof the Charlatan, an amateur KoAr (D:3)
  A shadow (D:6)
  A necrophage (D:5)
  A scorpion (D:4)
  5 hounds
  A jelly (D:6)
  An orc priest (D:3)
  2 iguanas
  An orc wizard (D:5)
  11 adders
  3 ufetubi
  2 worms
  2 dart slugs (D:4)
  26 orcs
  8 ball pythons
  4 bats (D:1)
  5 endoplasms
  3 giant cockroaches
  15 goblins
  8 hobgoblins
  2 jackals (D:4)
  10 kobolds
  4 quokkas
  2 frilled lizards
  6 rats
125 creatures vanquished.

Vanquished Creatures (collateral kills)
  3 orcs (D:5)
  2 goblins (D:3)
5 creatures vanquished.

Grand Total: 130 creatures vanquished

Notes
Turn   | Place    | Note
-------+----------+-------------------------------------------
     0 | D:1      | d0nkey4 the Demonspawn Gladiator began the quest for the
                  | Orb.
     0 | D:1      | Reached XP level 1. HP: 16/16 MP: 1/1
    42 | D:1      | Found Zuwoonuc's Distillery.
   103 | D:1      | Found Keohy's Jewellery Shoppe.
   183 | D:1      | Found Ruiluge's Antique Weapon Shop.
   236 | D:1      | Reached skill level 3 in Polearms
   307 | D:1      | Gained mutation: You have an unusually large brain. (Int
                  | +2) [demonic ancestry]
   307 | D:1      | Reached XP level 2. HP: 22/22 MP: 2/2
   991 | D:1      | Found Goapu's Antique Armour Boutique.
  1310 | D:1      | Found Qaxteab's Antique Weapon Shop.
  1390 | D:2      | Identified the +6 trident "Demonspawn's Curse" {drain,
                  | rElec rF+ Str-4}
  1477 | D:2      | Reached XP level 3. HP: 26/27 MP: 3/3
  2128 | D:2      | Reached skill level 1 in Armour
  2274 | D:3      | Gained mutation: You have a pair of small antennae on your
                  | head. [demonic ancestry]
  2274 | D:3      | Reached XP level 4. HP: 31/33 MP: 4/4
  2546 | D:3      | Noticed Thjof's ghost (amateur KoAr)
  2547 | D:3      | Found a runed translucent gate.
  2548 | D:3      | Found a runed translucent gate.
  2549 | D:3      | Found a runed translucent gate.
  2569 | D:3      | Killed Thjof's ghost
  2570 | D:3      | Reached skill level 4 in Polearms
  2570 | D:3      | Gained mutation: A weak demonic guardian rushes to your
                  | aid. [demonic ancestry]
  2570 | D:3      | Reached XP level 5. HP: 32/41 MP: 5/5
  2659 | D:3      | Gained mutation: You regenerate a little health from kills.
                  | [demonic ancestry]
  2659 | D:3      | Reached XP level 6. HP: 47/47 MP: 6/6
  2703 | D:3      | Found a faded altar of an unknown god.
  3121 | D:4      | Reached skill level 5 in Polearms
  3432 | D:4      | Found a staircase to the Ecumenical Temple.
  3471 | D:4      | Gained mutation: You have an extremely huge brain. (Int +4)
                  | [demonic ancestry]
  3471 | D:4      | Reached XP level 7. HP: 52/52 MP: 7/7
  3906 | D:5      | Entered Level 5 of the Dungeon
  4466 | D:5      | Reached skill level 6 in Polearms
  4951 | D:6      | Noticed a shadow
  4959 | D:6      | Killed a shadow
  5784 | D:6      | HP: 1/50 [wight/+0 scimitar (4)]
  5785 | D:6      | Mangled by a wight

Illustrated notes

Levels and vault maps discovered:
D:1:      tarquinn_simple_flora_water_d, layout_basic, serial_shops,
          nicolae_shop_waterfront, nicolae_shop_waterfront, shop,
          nicolae_shop_advertising_works [nicolae_subvault_shop_adworks], shop,
          serial_forest, infiniplex_forest_clump_medium,
          infiniplex_forest_lined_room_3, infiniplex_forest_pool,
          infiniplex_forest_clump_diagonal, infiniplex_forest_lined_2,
          infiniplex_forest_straight_2, infiniplex_forest_straight_5
D:2:      layout_loops_ring
D:3:      cheibrodos_greedy_goblins, layout_loops_ring,
          chequers_ecumenical_altar_grove, ebering_ghost_rock_garden
D:4:      layout_loops_cross, minmay_temple_entry_crystal_x,
          kennysheep_generic_room_13
D:5:      layout_basic
D:6:      layout_loops_ring
D:7:      layout_rooms, mainiacjoe_overflow_six_doors_small, serial_shops, shop

Skill      XL: |  1  2  3  4  5  6  7 |
---------------+----------------------+-----
Polearms       | 3 4 5 6 |  6.8
Dodging        | 3 |  3.8
Armour         | 1 2 3 |  3.5
Fighting       | 3 4 |  4.1
Throwing       | |  1.8
Stealth        | |  0.3

Action                   |  1- 3 |  4- 6 |  7- 9 || total
-------------------------+-------+-------+-------++-------
Melee: Trident           |    93 |    96 |   101 ||   290
Throw: Throwing net      |     1 |       |       ||     1
  Use: Potion            |       |       |     1 ||     1
 Stab: Sleeping          |     1 |       |       ||     1
Armor: Leather armour    |    30 |       |       ||    30
       Scale mail        |       |    36 |    55 ||    91
Dodge: Dodged            |    67 |    50 |    64 ||   181

Table legend: (Time is in decaauts)
 A = Elapsed time spent in this place.
 B = Non-inter-level travel time spent in this place.
 C = Inter-level travel time spent in this place.
 D = Time resting spent in this place.
 E = Time spent auto-exploring this place.
 F = Levels seen in this place.
 G = Mean time per level.
                   A        B        C        D        E       F      G
               +--------+--------+--------+--------+--------+-----+--------+
         Total |   5811 |   5618 |    193 |    148 |   3733 |   7 |  830.1 |
       Dungeon |   5811 |   5618 |    193 |    148 |   3733 |   7 |  830.1 |
               +--------+--------+--------+--------+--------+-----+--------+

Top non-repeatable levels by time:
     D:1: 1377 daAuts
     D:5: 1006 daAuts
     D:3: 959 daAuts
     D:6: 866 daAuts
     D:4: 827 daAuts
     D:2: 768 daAuts
     D:7: 6 daAuts
